 Dungeon Crawl Stone Soup version 0.22-a0-443-g17c3723 (webtiles) character file.

716 Gorglomux the Covered (level 7, -1/66 HPs)
             Began as a Deep Dwarf Fighter on June 1, 2018.
             Was a Follower of Makhleb.
             Slain by a gnoll
             ... wielding a +0 halberd
              (8 damage)
             ... on level 6 of the Dungeon.
             The game lasted 00:02:28 (2306 turns).

Gorglomux the Covered (Deep Dwarf Fighter)          Turns: 2306, Time: 00:02:29

Health: -1/66      AC:  7    Str: 22    XL:     7   Next: 41%
Magic:  7/7        EV:  7    Int:  8    God:    Makhleb [*.....]
Gold:   290        SH: 10    Dex: 12    Spells: 6/6 levels left

rFire    . . .     SeeInvis .   a - +0 war axe
rCold    . . .     Gourm    .   c - +0 shield
rNeg     . . .     Faith    .   b - +0 scale mail
rPois    .         Spirit   .   (no helmet)
rElec    .         Reflect  .   (no cloak)
rCorr    .         Harm     .   (no gloves)
MR       ++...     Rnd*Tele +   (no boots)
Stlth    ..........             (no amulet)
HPRegen  0.00/turn              t - ring of teleportation (curse)
MPRegen  0.10/turn              m - ring of protection from magic

@: lethally poisoned (-1 -> -1), non-regenerating
A: damage resistance, heal wounds, sense surroundings 1, no regeneration
a: Heal Wounds, Renounce Religion


You were on level 6 of the Dungeon.
You worshipped Makhleb.
Makhleb was aware of your devotion.
You were not hungry.

You visited 2 branches of the dungeon, and saw 7 of its levels.

You collected 290 gold pieces.

Inventory:

Hand Weapons
 a - a +0 war axe (weapon)
Missiles
 Z - a throwing net (quivered)
Armour
 b - a +0 scale mail (worn)
 c - a +0 shield (worn)
Jewellery
 m - a ring of protection from magic (right hand)
 t - a cursed ring of teleportation (left hand)
Wands
 I - a wand of iceblast (12)
 P - a wand of paralysis (13)
Scrolls
 g - a scroll of identify {unknown}
 B - a scroll of blinking
 M - a scroll of noise {unknown}
 O - a scroll of immolation {unknown}
 R - 2 scrolls of fear {unknown}
 T - a scroll of amnesia {unknown}
 U - a scroll of enchant armour {unknown}
 Y - 2 scrolls of teleportation {unknown}
Potions
 d - a potion of might
 h - 2 potions of curing {unknown}
 Q - 2 potions of agility {unknown}
 V - 2 potions of magic {unknown}
 W - a potion of lignification {unknown}
 X - 2 potions of invisibility {unknown}
Comestibles
 f - 7 rations


   Skills:
 + Level 4.4 Fighting
 + Level 4.7 Axes
 + Level 5.4 Armour
 + Level 5.3 Shields
 + Level 3.0 Invocations


You had 6 spell levels left.
You didn't know any spells.
Your spell library contained the following spells:

 Spells                   Type           Power        Failure   Level  Hunger
 Magic Dart               Conj           #...         98%         1    ##.....
 Iskenderun's Mystic Bla  Conj           #.......     100%        4    #####..
 Fulminant Prism          Conj/Hex       #.........   100%        4    #####..
 Dazzling Spray           Conj/Hex       #.....       100%        3    ####...
 Force Lance              Conj/Tloc      #.......     100%        4    #####..
 Searing Ray              Conj           #.....       99%         2    ###....


Dungeon Overview and Level Annotations

Branches:
Dungeon (6/15)             Temple (1/1) D:4

Altars:
Cheibriados
Dithmenos
Elyvilon
Fedhas
Gozag
Hepliaklqana
Kikubaaqudgha
Makhleb
Nemelex Xobeh
Okawaru
Qazlal
Ru
Sif Muna
Trog
Uskayaw
Vehumet
Wu Jian
Xom
Yredelemnul
Zin
The Shining One

Shops:
D:6 (


Innate Abilities, Weirdness & Mutations

You are resistant to damage.
You can heal yourself by infusing magical energy.
You passively map a small area around you.
You do not regenerate.


Message History

You slice the gnoll like a ripe choko!
The gnoll is severely wounded!
You chop the scorpion into pieces!
The gnoll hits you with an enchanted spear! * * * don't die
* * * You block the gnoll's attack!
The butt stings you! * * * don't die
* * * You are more poisoned!
The scorpion poisons you!!!
The gnoll hits butt with an enchanted spear! * * * don't die
* * * You cut the gnoll into ribbons!
The butt is almost dead!
You chop the butt into pieces!
You feel very sick!
The gnoll hits you but does butt damage!
You block the scorpion's attack! The gnoll hits you but does no damage!
The scorpion stings you but does no damage!
The gnoll hits you from butt with a halberd!!! rip

* *#####...###..##..#..##
#.### ##.###..#..## ##.#
#)).##.....# #########..#
###..###.... #.sggZg...##
##...##|.. #.###.###..#
###.####. *, # * ##)######
#..# #. ##.## #g.....##
##.###. ,
#.....#s@.....######.....
......g...............#.#
*,,........?.....##......#.#
* ....[.................#.#
..............##......#.#
..............##......#.#
..............#########.#
............... ** * #.# *
#.....#.....##. , , , *


You could see a scorpion and 2 gnolls.

Vanquished Creatures
  A necrophage (D:6)
  Blork the orc (D:5)
  A bullfrog (D:4)
  A scorpion (D:6)
  An orc priest (D:3)
  A gnoll shaman (D:6)
  A centaur skeleton (D:4)
  4 orc wizards
  3 worker ants
  A hound skeleton (D:5)
  2 gnolls (D:6)
  8 adders
  A shadow imp (D:6)
  An ooze (D:2)
  2 adder skeletons
  A worm (D:5)
  2 leopard geckos
  19 orcs
  3 ball pythons
  A giant cockroach (D:2)
  6 goblins
  2 hobgoblins (D:3)
  A jackal (D:3)
  2 kobolds
  2 bats
  4 frilled lizards
  A jackal skeleton (D:6)
  A leopard gecko skeleton (D:5)
  6 rats
80 creatures vanquished.

Notes
Turn   | Place    | Note
-------+----------+-------------------------------------------
     0 | D:1      | Gorglomux the Deep Dwarf Fighter began the quest for the Orb.
     0 | D:1      | Reached XP level 1. HP: 20/20 MP: 1/1
   197 | D:2      | Reached XP level 2. HP: 24/27 MP: 2/2
   263 | D:2      | Reached skill level 3 in Fighting
   403 | D:3      | Reached XP level 3. HP: 20/34 MP: 3/3
   504 | D:3      | Reached skill level 3 in Axes
   507 | D:3      | Reached XP level 4. HP: 14/42 MP: 4/4
   623 | D:3      | Found a sacrificial altar of Ru.
   871 | D:4      | Noticed a bullfrog
   876 | D:4      | Killed a bullfrog
   876 | D:4      | Reached XP level 5. HP: 34/49 MP: 5/5
  1102 | D:4      | Found a staircase to the Ecumenical Temple.
  1122 | D:4      | Reached XP level 6. HP: 43/57 MP: 5/5
  1146 | Temple   | Entered the Ecumenical Temple
  1373 | D:4      | Found a burning altar of Makhleb.
  1384 | D:4      | Found an opulent altar of Gozag.
  1493 | D:4      | Became a worshipper of Makhleb the Destroyer
  1543 | D:5      | Entered Level 5 of the Dungeon
  1804 | D:5      | Noticed Blork the orc
  1818 | D:5      | Killed Blork the orc
  1818 | D:5      | Reached skill level 1 in Invocations
  2017 | D:6      | Reached XP level 7. HP: 51/62 MP: 7/7
  2023 | D:6      | Found Viph's Antique Weapon Emporium.
  2027 | D:6      | Found a basalt altar of Yredelemnul.
  2075 | D:6      | Reached * piety under Makhleb
  2104 | D:6      | Found a sparkling altar of Nemelex Xobeh.
  2292 | D:6      | Reached skill level 3 in Invocations
  2294 | D:6      | HP: 2/66 [gnoll/halberd (5)]
  2306 | D:6      | Slain by a gnoll

Vault maps used:
D:1:      minmay_arrival_arboretum_small
D:2:      kennysheep_potato, uniq_robin
D:3:      nicolae_ru_great_annihilating_truth
D:4:      minitemple, minmay_temple_entry_mist, first_ration
D:5:      uniq_blork_the_orc
D:6:      lemuel_crystal_altar, nemelex_xobeh_ov_fountains_minmay, serial_shops,
          nicolae_shop_behind_doors
Temple:   minmay_crystal_spiral_temple

Skill      XL: |  1  2  3  4  5  6  7 |
---------------+----------------------+-----
Fighting       | 3 4 |  4.4
Axes           | 3 4 |  4.7
Armour         | 4 5 |  5.4
Shields        | 4 5 |  5.3
Invocations    | 2 3 |  3.0

Action                   |  1- 3 |  4- 6 |  7- 9 || total
-------------------------+-------+-------+-------++-------
Melee: War axe           |    56 |   173 |    62 ||   291
 Abil: Heal Wounds       |       |     3 |     3 ||     6
  Use: Scroll            |       |       |     1 ||     1
 Stab: Paralysed         |       |     1 |       ||     1
  Eat: Chunk             |       |     4 |     1 ||     5
Armor: Scale mail        |    28 |    82 |    34 ||   144
Dodge: Dodged            |    26 |    39 |    39 ||   104
Block: Shield            |    41 |    74 |    56 ||   171

Table legend:
 A = Spawn XP
 B = Non-spawn XP
 C = Spawn XP percentage of total XP
 D = Spawn monster count
 E = Non-spawn monster count
 F = Spawn count percentage of total count
 G = Total turns spent on level
                    A         B        C        D         E        F      G
               +---------+---------+-------+---------+---------+-------+---------
         Total |       0 |    1024 |   0.0 |       0 |      80 |   0.0 |  2306
               +---------+---------+-------+---------+---------+-------+---------
           D:1 |       0 |       4 |   0.0 |       0 |       3 |   0.0 |   122
           D:2 |       0 |      23 |   0.0 |       0 |      12 |   0.0 |   168
           D:3 |       0 |     145 |   0.0 |       0 |      23 |   0.0 |   429
           D:4 |       0 |     213 |   0.0 |       0 |      13 |   0.0 |   655
           D:5 |       0 |     207 |   0.0 |       0 |      14 |   0.0 |   458
           D:6 |       0 |     432 |   0.0 |       0 |      15 |   0.0 |   305
               +---------+---------+-------+---------+---------+-------+---------
